 Dungeon Crawl Stone Soup version 0.27.1-2-g3b301248ec (webtiles) character file.

Game seed: 17563034697679082806

681 fijero the Firebug (level 7, -1/36 HPs)
             Began as a Gargoyle Fire Elementalist on Sept 25, 2021.
             Hit by a boomerang thrown by an orc warrior (7 damage)
             ... on level 4 of the Dungeon.
             The game lasted 00:42:01 (5022 turns).

fijero the Firebug (Gargoyle Fire Elementalist)     Turns: 5022, Time: 00:42:02

Health: -1/36      AC:  7    Str: 11    XL:     7   Next: 61%
Magic:  10/10      EV: 11    Int: 18    God:
Gold:   115        SH:  0    Dex: 10    Spells: 5/10 levels left

rFire    + . .     SeeInvis .   b - staff of fire
rCold    . . .     Faith    .   (no shield)
rNeg     + . .     Spirit   .   d - +0 robe
rPois    ∞         Reflect  .   (no helmet)
rElec    +         Harm     .   (no cloak)
rCorr    .         Rampage  .   (no gloves)
Will     .....                  j - +0 pair of boots
Stlth    ++........             (no amulet)
HPRegen  0.12/turn              (no ring)
MPRegen  0.12/turn              (no ring)

@: no status effects
A: sickness immunity, AC +4, negative energy resistance 1, electricity
resistance, torment resistance 1, petrification resistance
a: no special abilities


You were on level 4 of the Dungeon.
You visited 1 branch of the dungeon, and saw 4 of its levels.

You collected 115 gold pieces.

Inventory:

Hand Weapons
 a - a +0 dagger of venom
 f - a +0 dagger
 h - a +3 short sword of flaming
 q - a +2 short sword of venom
 r - a +0 dagger of electrocution
Armour
 d - a +0 robe (worn)
 j - a +0 pair of boots (worn)
Magical Staves
 b - a staff of fire (weapon)
Scrolls
 c - a scroll of identify
 i - a scroll of fear {unknown}
 o - a scroll of enchant weapon {unknown}
 s - a scroll of noise {unknown}
Potions
 e - a potion of lignification
 g - a potion of resistance {unknown}
 k - a potion of heal wounds {unknown}
 l - a potion of magic {unknown}
 m - a potion of flight {unknown}
 n - a potion of haste
 p - a potion of might {unknown}
 t - a potion of curing {unknown}


   Skills:
 - Level 1.5 Dodging
 - Level 2.1 Stealth
 - Level 2.0 Spellcasting
 + Level 6.1 Conjurations
 + Level 6.5 Fire Magic


You had 5 spell levels left.
You knew the following spells:

 Your Spells              Type           Power      Damage    Failure   Level
a - Foxfire               Conj/Fire      100%       2x1d9     1%          1
b - Sticky Flame          Conj/Fire      37%        2d6       13%         4

Your spell library contained the following spells:

 Spells                   Type           Power      Damage    Failure   Level
 Conjure Flame            Conj/Fire      37%        6-21      4%          3
 Inner Flame              Hex/Fire       20%        N/A       14%         3
 Summon Small Mammal      Summ           4%         N/A       19%         1
 Fireball                 Conj/Fire      18%        3d9       36%         5
 Call Canine Familiar     Summ           1%         N/A       47%         3
 Summon Guardian Golem    Hex/Summ       1%         N/A       47%         3


Dungeon Overview and Level Annotations

Branches:
Dungeon (4/15)
 Temple: D:4-7

Altars:
Xom

Annotations:
D:2 exclusion: downstairs
D:3 1 exclusion, Grinder, Sigmund, Terence
D:4 exclusion: upstairs, Menkaure


Innate Abilities, Weirdness & Mutations

You are immune to sickness and miasma.
Your stone body is resilient. (AC +4)
You are immune to poison.
You resist negative energy. (rN+)
You are resistant to electric shocks. (rElec)
You are resistant to unholy torment.
You are immune to petrification.


Message History

The orc warrior throws a boomerang.
The boomerang hits you!
* * * LOW HITPOINT WARNING * * *
Unknown command.
Unknown command.
You see here a +0 giant spiked club.
There is an open door here.
Items here: )) [ ÷ ††.
You close the door, pushing everything out of the way.
Things that are here:
a +0 hand axe; a +0 club An orc warrior opens the door.
The orc warrior throws a boomerang.
The boomerang hits you!
* * * LOW HITPOINT WARNING * * *
Unknown command.
As you read the scroll labelled BEOH MIADU, it crumbles to dust.
It is a scroll of identify.
e - a potion of lignification The orc warrior throws a boomerang.
The boomerang hits you but does no damage.
Unknown command.
Casting: Foxfire (safe; 1% risk of failure)
Press: ? - help, Q - select action Dir - look around, f - activate You feel a surge of power!
You conjure some foxfire!
Your foxfire dissipates!
The foxfire hits the orc warrior.
The orc warrior is lightly wounded.
Casting: Foxfire (safe; 1% risk of failure)
Press: ? - help, Q - select action Dir - look around, f - activate You feel a surge of power!
You conjure some foxfire!
The foxfire hits the orc warrior.
The orc warrior is moderately wounded.
The foxfire hits the orc warrior.
The orc warrior is moderately wounded.
The orc warrior throws a boomerang.
The boomerang hits you but does no damage.
You see here 8 silver javelins.
You see here a scroll labelled ZEPRYU ADOJ.
The orc warrior throws a boomerang.
The boomerang barely misses you.
The orc warrior throws a boomerang.
The boomerang hits you!
You die...

......##
##.......####........
....### ##......#
######### ...##
####<.## .### #..# ##
##.## #..# #..# ##.##
#@.# ### #.## ##..
##.# #>.♣ #..# #..
#o## ### ##.# ##.?###
######
#.....###....#####
#.(#..............###


You could see an orc warrior.

Vanquished Creatures
  A necrophage (D:3)
  3 ogres (D:4)
  2 scorpions
  A hound (D:2)
  An orc priest (D:4)
  A centaur skeleton (D:4)
  A hound skeleton (D:4)
  An adder (D:3)
  2 worms (D:2)
  6 dart slugs
  3 orcs (D:4)
  9 ball pythons
  8 endoplasms
  3 giant cockroaches
  6 goblins
  8 hobgoblins
  7 jackals
  4 quokkas
  7 bats
  3 frilled lizards
  8 kobolds
  7 rats
  A spectral hobgoblin (D:1)
93 creatures vanquished.

Vanquished Creatures (others)
  210 foxfires
210 creatures vanquished.

Grand Total: 303 creatures vanquished

Notes
Turn   | Place    | Note
-------+----------+-------------------------------------------
     0 | D:1      | fijero the Gargoyle Fire Elementalist began the quest for
                  | the Orb.
     0 | D:1      | Reached XP level 1. HP: 10/10 MP: 3/3
    45 | D:1      | Found a faded altar of an unknown god.
   393 | D:1      | Reached XP level 2. HP: 15/15 MP: 1/5
   737 | D:1      | Reached XP level 3. HP: 18/19 MP: 3/6
  1718 | D:2      | Found a shimmering altar of Xom.
  1825 | D:2      | Noticed a scorpion
  1837 | D:2      | Killed a scorpion
  1838 | D:2      | Reached XP level 4. HP: 24/24 MP: 1/7
  1843 | D:2      | Learned a level 4 spell: Sticky Flame
  1970 | D:2      | Reached XP level 5. HP: 28/28 MP: 1/8
  2670 | D:3      | Reached skill level 5 in Fire Magic
  2742 | D:3      | Noticed Sigmund
  2864 | D:3      | Reached XP level 6. HP: 32/32 MP: 6/9
  2988 | D:3      | Noticed Grinder
  3110 | D:3      | Noticed Terence
  3339 | D:4      | Noticed an orc warrior
  3497 | D:4      | Noticed Menkaure
  3582 | D:4      | Reached skill level 5 in Conjurations
  3807 | D:4      | Reached XP level 7. HP: 10/36 MP: 5/10
  5022 | D:4      | Hit by a boomerang thrown by an orc warrior

Illustrated notes

Levels and vault maps discovered:
D:1:      roderic_chinese_lattice_arrival, layout_loops_ring,
          dreamdust_ecumenical_altar_drowned_temple
D:2:      layout_loops_ring, basic_altar
D:3:      layout_basic, bh_walls_and_bars, uniq_sigmund, uniq_terence,
          uniq_grinder
D:4:      layout_cave_pods, grunt_ministairs_5, uniq_menkaure,
          uniq_crazy_yiuf_cottage

Skill      XL: |  1  2  3  4  5  6  7 |
---------------+----------------------+-----
Conjurations   | 2 3 4 5 6 |  6.1
Fire Magic     | 4 5 6 |  6.5
Dodging        | |  1.5
Stealth        | |  2.1
Spellcasting   | |  2.0

Action                   |  1- 3 |  4- 6 |  7- 9 || total
-------------------------+-------+-------+-------++-------
Melee: Staff             |     2 |       |       ||     2
       Dagger            |     7 |     7 |     4 ||    18
 Cast: Foxfire           |    69 |    64 |    44 ||   177
       Sticky Flame      |       |     1 |       ||     1
  Use: Scroll            |       |       |     1 ||     1
 Stab: Sleeping          |     5 |     1 |       ||     6
Armor: Robe              |    11 |    28 |     8 ||    47
Dodge: Dodged            |    21 |    32 |    21 ||    74
